 Dungeon Crawl Stone Soup version 0.17.1-1-g73c8601 (webtiles) character file.

63851 PossumBlood the Warrior (level 14, -3/138 HPs)
             Began as a Minotaur Fighter on Dec 19, 2015.
             Was the Champion of Okawaru.
             Slain by a black mamba (11 damage)
             ... on level 4 of the Lair of Beasts.
             The game lasted 01:15:45 (21015 turns).

PossumBlood the Warrior (Minotaur Fighter)         Turns: 21015, Time: 01:15:45

Health: -3/138     AC: 36    Str: 27    XL:     14   Next: 69%
Magic:  13/13      EV:  8    Int:  1    God:    Okawaru [******]
Gold:   1701       SH: 15    Dex: 18    Spells: 0 memorised, 13 levels left

rFire  + . .     SeeInvis +     F - +10 long sword of the Known World {drain, rPois rF+}
rCold  . . .     Clarity  .     R - +7 plate armour {ponderous}
rNeg   . . .     SustAt   .     c - +0 shield
rPois  +         Gourm    .     (helmet restricted)
rElec  .         Spirit   .     C - +0 cloak
rCorr  .         Warding  .     U - +1 pair of gloves {Dex+3}
rMut   +         Stasis   .     t - +2 pair of boots of Horchasse {Int-4 Dex+6 Slay+2}
MR     ++++.                    A - amulet of resist mutation
Stlth  ..........               B - +4 ring of protection
                                E - ring of Lyarex {+Blink MR+++ SInv Stlth-}

@: slow, incredibly resistant to hostile enchantments, extremely unstealthy
A: retaliatory headbutt, horns 2
a: Heroism, Finesse, Renounce Religion, Evoke Blink


You were on level 4 of the Lair of Beasts.
You worshipped Okawaru.
Okawaru was exalted by your worship.
You were not hungry.

You visited 3 branches of the dungeon, and saw 23 of its levels.

You collected 2044 gold pieces.
You spent 343 gold pieces at shops.

Inventory:

Hand Weapons
 g - a +2 great sword of electrocution
 k - a +9 scimitar of flaming
 u - a +2 falchion of freezing
 F - the +10 long sword of the Known World (weapon) {drain, rPois rF+}
   (You found it on level 6 of the Dungeon)

   A truly terrible weapon, it drains the life of those it strikes.
   It protects you from fire.
   It protects you from poison.
 S - a +2 antimagic great sword
Missiles
 v - 25 tomahawks (quivered)
 M - 3 javelins of returning
Armour
 c - a +0 shield (worn)
 r - a +2 pair of boots of stealth
 t - the +2 pair of boots of Horchasse (worn) {Int-4 Dex+6 Slay+2}
   (You acquired it on level 3 of the Lair of Beasts)

   It affects your intelligence (-4).
   It affects your dexterity (+6).
   It affects your accuracy and damage with ranged weapons and melee attacks
   (+2).
 C - a +0 cloak (worn)
 P - a steam dragon hide
 R - a +7 plate armour of ponderousness (worn)
 U - a +1 pair of gloves of dexterity (worn)
Jewellery
 h - an uncursed amulet of the gourmand
 n - an uncursed ring of poison resistance
 p - an uncursed ring of teleportation
 q - an uncursed ring of protection from cold
 A - an amulet of resist mutation (around neck)
 B - a +4 ring of protection (right hand)
 E - the ring of Lyarex (left hand) {+Blink MR+++ SInv Stlth-}
   (You took it off an orc priest on level 6 of the Dungeon)

   [ring of loudness]

   It affects your resistance to hostile enchantments.
   It lets you see invisible.
   It lets you blink.
   It makes you less stealthy.
 G - an uncursed ring of protection from fire
 L - an uncursed ring of flight
Wands
 a - a wand of confusion (14)
 o - a wand of digging (16)
 D - a wand of lightning (15)
Scrolls
 i - 5 scrolls of teleportation
 s - 6 scrolls of remove curse
 y - 3 scrolls of blinking
 z - 5 scrolls of recharging
 K - a scroll of identify
 O - 2 scrolls of amnesia
 T - a scroll of summoning
 V - a scroll of fear
 Z - a scroll of enchant weapon
Potions
 d - 3 potions of might
 l - 6 potions of agility
 m - 4 potions of flight
 w - a potion of berserk rage {unknown}
 x - a potion of beneficial mutation
 I - a potion of cure mutation
 J - 3 potions of cancellation
 N - a potion of resistance
Miscellaneous
 j - a plain deck of summoning
 X - a lamp of fire
Comestibles
 b - a fruit
 e - 4 bread rations
 f - 6 meat rations
 H - 7 slices of pizza
 Y - a beef jerky


   Skills:
 - Level 16.4 Fighting
 - Level 14.5 Long Blades
 + Level 15.9 Armour
 - Level 14.5 Shields


You had 13 spell levels left.
You didn't know any spells.

Dungeon Overview and Level Annotations

Branches:
Dungeon (15/15)            Temple (0/1) D:5            Lair (4/8) D:8
  Swamp (0/4) Lair:3          Orc (4/4) D:12            Elf (0/3) Orc:3
 Vaults (0/5) D:14         Depths (0/5) D:15
  Snake: Lair:3-6    Spider: Lair:3-6

Altars:
Cheibriados
Dithmenos
Makhleb
Nemelex Xobeh
Okawaru
Sif Muna
Vehumet
Xom
Yredelemnul
Zin
Beogh

Shops:
D:8 ?   D:11 *   D:13 (   Orc:4 (=:[

Annotations:
Lair:4 Runnr's ghost, adept DsNe


Innate Abilities, Weirdness & Mutations

You reflexively headbutt those who attack you in melee.
You have a pair of horns on your head.


Message History

Your plate armour prevents you from hitting Runnr's ghost.
Runnr's ghost is heavily damaged.
You feel sick. The black mamba bites you!
* * * LOW HITPOINT WARNING * * *
The black mamba bites you but does no damage.
You are too injured to fight recklessly!
You are too injured to fight recklessly!
You are too injured to fight recklessly!
You slash Runnr's ghost! You headbutt Runnr's ghost.
Runnr's ghost is heavily damaged.
The blink frog blinks!
Runnr's ghost is infused with unholy energy.
* * * LOW HITPOINT WARNING * * *
Runnr's ghost draws life force from you and is healed!
You block the black mamba's attack.
Drink which item? (? for menu, Esc to quit)
You feel better. You block the black mamba's attack. Runnr's ghost hits you.
* * * LOW HITPOINT WARNING * * *
The black mamba bites you!
You die...

.).# .....
...+....###.........
........##.........#
..+....# #........###.
####.....###...##....P..
#.###.........>.........
P................†......
..............F.@W§.....
†.........†......S......
........................
.......#...###.#........
......####.# ##......##.
.#......#### #.....#
.##....## ......#
.......# #.....#
..#...## ....#


You could see a black mamba, a blink frog and Runnr's ghost.

Vanquished Creatures
  Maud (D:11)
  The ghost of Mandevil the Bludgeoner, a journeyman OgAM of the Shining One (Lair:2)
  Azrael (Orc:4)
  A vault guard (D:14)
  Fannar (D:12)
  Erolcha (D:12)
  3 ogre magi
  2 hydras
  A catoblepas (Lair:1)
  A centaur warrior (D:15)
  3 orc high priests (Orc:4)
  Urug (D:15)
  Nergalle (Lair:2)
  5 skeletal warriors (D:15)
  2 unseen horrors
  2 wizards (D:15)
  5 hill giants
  A deep elf conjurer (D:15)
  2 wolf spider zombies (D:15)
  5 orc knights
  15 ugly things
  3 cyclopes
  6 orc sorcerers
  Joseph (D:7)
  2 spiny frogs
  2 gargoyles
  4 centaur skeletons
  3 komodo dragons
  6 two-headed ogres
  A freezing wraith (D:14)
  A giant leech (Lair:3)
  7 slime creatures
  A polar bear (shapeshifter) (D:15)
  5 trolls
  4 blink frogs (Lair:4)
  2 deep elf magi
  Sigmund (D:2)
  20 yaks
  A trapdoor spider (D:14)
  4 wyverns
  A hungry ghost (D:12)
  A basilisk (shapeshifter) (D:12)
  A human (shapeshifter) (D:14)
  A shadow (D:11)
  A wraith (D:15)
  A centaur simulacrum (D:15)
  2 mottled dragons (D:15)
  3 vampire mosquitoes (D:11)
  5 wolves (Lair:1)
  7 hippogriffs
  A steam dragon (D:13)
  2 wargs
  5 hell hounds (Orc:4)
  A swamp worm (Lair:3)
  3 water moccasins
  6 ice beasts
  9 porcupines
  Duvessa (D:7)
  17 orc warriors
  3 sky beasts
  2 black bears
  3 phantoms
  An eye of draining (D:11)
  A necrophage (D:10)
  20 ogres
  11 centaurs
  8 crocodiles
  3 big kobolds
  A brain worm (D:14)
  17 giant frogs
  Blork the orc (D:6)
  2 wyvern zombies
  4 scorpions
  Dowan (D:7)
  2 wyvern skeletons
  2 water moccasin skeletons
  26 wights
  An electric eel (Lair:1)
  3 crimson imps
  24 orc priests
  2 jellies
  3 centaur zombies
  20 orc wizards
  3 quasits
  3 giant frog skeletons
  Jessica (D:2)
  3 hounds
  6 iguanas
  Natasha (twice) (D:2)
  A gnoll shaman (D:5)
  3 hell rats (D:6)
  12 worker ants
  14 sheep
  A hound zombie (D:8)
  3 hound skeletons
  Robin (D:4)
  20 gnolls
  A worker ant zombie (D:10)
  11 adders
  2 shadow imps
  28 river rats
  An adder skeleton (D:5)
  2 adder zombies (D:5)
  2 worms
  6 giant geckos
  156 orcs
  5 bats
  7 giant cockroaches
  11 hobgoblins
  14 jackals
  17 kobolds
  6 quokkas
  5 ball pythons
  8 giant newts
  14 goblins
  2 quokka zombies
  30 rats
  A plant (Lair:3)
760 creatures vanquished.

Vanquished Creatures (others)
  3 orcs (Orc:4)
  A kobold (D:10)
4 creatures vanquished.

Grand Total: 764 creatures vanquished

Notes
Turn   | Place    | Note
--------------------------------------------------------------
     0 | D:1      | PossumBlood the Minotaur Fighter began the quest for the Orb.
     0 | D:1      | Reached XP level 1. HP: 19/19 MP: 0/0
   109 | D:1      | Reached XP level 2. HP: 26/26 MP: 1/1
   371 | D:1      | Reached skill level 4 in Long Blades
   404 | D:1      | Reached XP level 3. HP: 31/31 MP: 2/2
   538 | D:2      | Noticed Natasha
   546 | D:2      | Killed Natasha
   574 | D:2      | Reached skill level 5 in Long Blades
   612 | D:2      | Found a shadowy altar of Dithmenos.
   669 | D:2      | Reached XP level 4. HP: 39/39 MP: 3/3
   710 | D:2      | Noticed Jessica
   718 | D:2      | Killed Jessica
   724 | D:2      | Found a radiant altar of Vehumet.
   724 | D:2      | Found a snail-covered altar of Cheibriados.
   724 | D:2      | Found a burning altar of Makhleb.
   724 | D:2      | Noticed Natasha
   730 | D:2      | Killed Natasha
   798 | D:2      | Noticed Sigmund
   816 | D:2      | Killed Sigmund
   816 | D:2      | Reached skill level 7 in Long Blades
   816 | D:2      | Reached XP level 5. HP: 25/45 MP: 4/4
  1156 | D:2      | Reached XP level 6. HP: 51/51 MP: 5/5
  1368 | D:3      | Reached skill level 8 in Long Blades
  1942 | D:3      | Found a sparkling altar of Nemelex Xobeh.
  2215 | D:4      | Found an iron altar of Okawaru.
  2225 | D:4      | Became a worshipper of Warmaster Okawaru
  2286 | D:4      | Reached skill level 9 in Long Blades
  2676 | D:4      | Noticed Robin
  2688 | D:4      | Killed Robin
  3008 | D:5      | Entered Level 5 of the Dungeon
  3064 | D:5      | Reached XP level 7. HP: 57/57 MP: 6/6
  3244 | D:5      | Reached skill level 10 in Long Blades
  3427 | D:5      | Found a staircase to the Ecumenical Temple.
  3475 | D:5      | Reached * piety under Okawaru
  3562 | D:5      | Found a shimmering altar of Xom.
  3608 | D:5      | Reached skill level 11 in Long Blades
  3608 | D:5      | Reached XP level 8. HP: 56/64 MP: 7/7
  4201 | D:5      | Reached skill level 12 in Long Blades
  4494 | D:6      | Got a slimy wooden ring
  4899 | D:6      | Got a steaming long sword
  4900 | D:6      | Identified the +10 long sword of the Known World {drain, rPois rF+} (You found it on level 6 of the Dungeon)
  4902 | D:6      | Identified the ring of Lyarex {+Blink MR+++ SInv Stlth-} (You took it off an orc priest on level 6 of the Dungeon)
  4934 | D:6      | Noticed Blork the orc
  4942 | D:6      | Killed Blork the orc
  5023 | D:6      | Reached skill level 13 in Long Blades
  5124 | D:6      | Reached ** piety under Okawaru
  5343 | D:7      | Reached XP level 9. HP: 70/70 MP: 8/8
  5407 | D:7      | Noticed Dowan
  5412 | D:7      | Killed Dowan
  5414 | D:7      | Noticed Duvessa
  5423 | D:7      | Killed Duvessa
  5423 | D:7      | Reached skill level 14 in Long Blades
  5504 | D:7      | Reached skill level 5 in Fighting
  5516 | D:7      | Noticed Joseph
  5553 | D:7      | Reached *** piety under Okawaru
  5856 | D:7      | Killed Joseph
  6614 | D:8      | Found a staircase to the Lair.
  6852 | D:8      | Reached **** piety under Okawaru
  6984 | D:8      | Reached XP level 10. HP: 29/93 MP: 9/9
  7338 | D:8      | Reached skill level 10 in Fighting
  7557 | D:8      | Found Muykk's Magic Scroll Boutique.
  7561 | D:8      | Bought a scroll of enchant armour for 105 gold pieces
  7561 | D:8      | Bought a scroll of enchant weapon for 105 gold pieces
  7561 | D:8      | Bought a scroll of enchant armour for 105 gold pieces
  7561 | D:8      | Bought a scroll of identify for 28 gold pieces
  7812 | D:9      | Found a deep blue altar of Sif Muna.
  8369 | D:10     | Entered Level 10 of the Dungeon
  8983 | D:10     | Noticed a hill giant
  8989 | D:10     | Killed a hill giant
  9000 | D:10     | Found a glowing silver altar of Zin.
  9021 | D:10     | Reached ***** piety under Okawaru
  9317 | D:11     | Noticed a cyan ugly thing
  9336 | D:11     | Killed a cyan ugly thing
  9642 | D:11     | Noticed Maud
  9656 | D:11     | Killed Maud
  9656 | D:11     | Received a gift from Okawaru
  9656 | D:11     | Reached XP level 11. HP: 19/111 MP: 0/10
 10121 | D:11     | Noticed a cyclops
 10126 | D:11     | Killed a cyclops
 10432 | D:11     | Reached skill level 15 in Fighting
 10443 | D:11     | Found Kewuvi's Assorted Antiques.
 10755 | D:12     | Noticed Fannar
 10766 | D:12     | Killed Fannar
 10766 | D:12     | Reached skill level 16 in Fighting
 10971 | D:12     | Found a staircase to the Orcish Mines.
 11022 | D:12     | Noticed an unseen horror
 11034 | D:12     | Reached skill level 5 in Armour
 11051 | D:12     | Killed an unseen horror
 11056 | D:12     | Reached ****** piety under Okawaru
 11451 | D:12     | Noticed Erolcha
 11461 | D:12     | Killed Erolcha
 11461 | D:12     | Received a gift from Okawaru
 11461 | D:12     | Reached XP level 12. HP: 118/122 MP: 11/11
 11650 | D:13     | Received a gift from Okawaru
 11659 | D:13     | Reached skill level 10 in Armour
 12165 | D:13     | Found Jaojaimoemp's Antique Weapon Emporium.
 12547 | D:14     | Noticed an ogre mage
 12581 | D:14     | Killed an ogre mage
 12660 | D:14     | Received a gift from Okawaru
 12793 | D:14     | Noticed a vault guard
 12799 | D:14     | Killed a vault guard
 12817 | D:14     | Noticed a five-headed hydra
 12827 | D:14     | Killed a one-headed hydra
 12994 | D:14     | Found a gate to the Vaults.
 13088 | D:14     | Reached XP level 13. HP: 88/128 MP: 12/12
 13326 | D:14     | Reached skill level 15 in Armour
 13800 | D:15     | Entered Level 15 of the Dungeon
 13806 | D:15     | Reached skill level 5 in Shields
 13862 | D:15     | Received a gift from Okawaru
 13877 | D:15     | Got a bloodstained robe {god gift}
 14402 | D:15     | Noticed Urug
 14419 | D:15     | Killed Urug
 14540 | D:15     | Reached skill level 10 in Shields
 14807 | D:15     | Found a staircase to the Depths.
 15208 | D:15     | Reached XP level 14. HP: 128/137 MP: 13/13
 15485 | D:13     | Found a basalt altar of Yredelemnul.
 15873 | Orc:1    | Entered Level 1 of the Orcish Mines
 16221 | Orc:3    | Found a staircase to the Elven Halls.
 16861 | Orc:4    | Entered Level 4 of the Orcish Mines
 16931 | Orc:4    | Noticed Azrael
 16965 | Orc:4    | Found a labyrinth entrance.
 17078 | Orc:4    | Received a gift from Okawaru
 17090 | Orc:4    | HP: 6/137 [burnt (1)]
 17092 | Orc:4    | HP: 2/137 [Azrael/fireball (4)]
 17095 | Orc:4    | Killed Azrael
 17251 | Orc:4    | Found Ynkud's Jewellery Boutique.
 17251 | Orc:4    | Found Teneostre's Book Shoppe.
 17251 | Orc:4    | Found Tuteism's Antique Weapon Boutique.
 17827 | Orc:4    | Found a roughly hewn altar of Beogh.
 17923 | Orc:4    | Found Seran's Antique Armour Shoppe.
 18364 | Lair:1   | Entered Level 1 of the Lair of Beasts
 18726 | Lair:1   | Received a gift from Okawaru
 19653 | Lair:2   | Noticed Mandevil's ghost (journeyman OgAM)
 19667 | Lair:2   | Noticed Nergalle
 19668 | Lair:2   | Killed Mandevil's ghost
 19676 | Lair:2   | Killed Nergalle
 20349 | Lair:3   | Identified a scroll of acquirement
 20350 | Lair:3   | Got a pair of twisted boots
 20361 | Lair:3   | Identified the +2 pair of boots of Horchasse {Int-4 Dex+6 Slay+2} (You acquired it on level 3 of the Lair of Beasts)
 20509 | Lair:3   | Found a staircase to the Swamp.
 20994 | Lair:4   | Noticed Runnr's ghost (adept DsNe)
 21015 | Lair:4   | Slain by a black mamba

Action                   |  1- 3 |  4- 6 |  7- 9 | 10-12 | 13-15 || total
-------------------------+-------+-------+-------+-------+-------++-------
Melee: Long sword        |    93 |   192 |   412 |   594 |   888 ||  2179
       Hand axe          |       |       |       |     7 |       ||     7
       Scimitar          |       |       |       |       |     4 ||     4
Invok: Heroism           |       |       |       |       |     2 ||     2
  Use: Scroll            |       |    10 |     9 |    16 |    13 ||    48
       Potion            |       |       |       |     1 |     7 ||     8
  Eat: Beef jerky        |       |     1 |       |       |       ||     1
       Bread ration      |       |     2 |       |       |       ||     2
       Fruit             |       |       |    11 |    26 |    26 ||    63
       Meat ration       |       |       |       |       |     1 ||     1
